 Dungeon Crawl Stone Soup version 0.19.0-26-g9e9c210 (webtiles) character file.

94 Oozefury the Chopper (level 4, -2/40 HPs)
             Began as a Hill Orc Monk on Nov 23, 2016.
             Was a Believer of Zin.
             Splashed by a jelly's acid (8 damage)
             ... on level 1 of the Dungeon.
             The game lasted 00:07:10 (2599 turns).

Oozefury the Chopper (Hill Orc Monk)                Turns: 2599, Time: 00:07:10

Health: -2/40      AC:  5    Str: 14    XL:     4   Next: 63%
Magic:  4/4        EV: 11    Int: 10    God:    Zin [**....]
Gold:   59         SH:  0    Dex: 13    Spells: 0 memorised, 3 levels left

rFire  . . .     SeeInvis .     a - +0 hand axe
rCold  . . .     Gourm    .     d - +0 ring mail
rNeg   . . .     Faith    .     (no shield)
rPois  .         Spirit   .     (no helmet)
rElec  .         Reflect  .     (no cloak)
rCorr  .         Harm     .     (no gloves)
MR     .....                    (no boots)
Stlth  +.........               (no amulet)
                                (no ring)
                                (no ring)

@: no status effects
A: no striking features
a: Recite, Vitalisation, Donate Gold, Renounce Religion


You were on level 1 of the Dungeon.
You worshipped Zin.
Zin was pleased with you.
You were hungry.

You visited 1 branch of the dungeon, and saw 2 of its levels.

You collected 65 gold pieces.
You donated 6 gold pieces to Zin.

Inventory:

Hand Weapons
 a - a +0 hand axe (weapon)
Missiles
 e - 61 stones (quivered)
Armour
 d - a +0 ring mail (worn)
Jewellery
 g - an uncursed amulet of harm {unknown}
Scrolls
 b - 2 scrolls of recharging {unknown}
 f - a scroll of enchant armour {unknown}
 k - a scroll of random uselessness {unknown}
 l - 2 scrolls of teleportation {unknown}
 m - a scroll of identify {unknown}
Potions
 h - a potion of invisibility {unknown}
 i - a potion of beneficial mutation {unknown}
 j - a potion of might {unknown}
Comestibles
 c - a bread ration
 n - a meat ration


   Skills:
 - Level 4.0 Fighting
 + Level 5.7 Axes
 - Level 2.5 Armour
 - Level 2.4 Dodging
 - Level 1.5 Stealth


You had 3 spell levels left.
You didn't know any spells.

Dungeon Overview and Level Annotations

Branches:
Dungeon (2/15)

Altars:
Zin

Shops:
D:2 *


Message History

The goblin hits you but does no damage. The goblin hits you.
* * * LOW HITPOINT WARNING * * *
You take 3 damage, and have 3/40 hp.
The goblin wields an uncursed hunting sling of flaming.
It bursts into flame!
The goblin shoots a stone.
The stone closely misses you.
You see here a stone.
The jelly jiggles.
There is a stone staircase leading up here.
The jelly hits you but does no damage.
You climb upwards.
There is a stone staircase leading down here.
There is an open door here.
A hobgoblin comes into view.
The hobgoblin shouts!
The hobgoblin hits you but does no damage.
The jelly hits you.
* * * LOW HITPOINT WARNING * * *
You are splashed with acid!
The acid burns!
You die...

.....#.#.#........#.##...#
.....................#.#.#
....##..#............#.#.#
....#...#......).....#.#.#
.....................#.#.#
....##.#.........#####.#.#
....##.#.........#.....#.#
....##.##.....gJ.#.#####.#
....##.##.......@#.### #.#
'#..##.###.#####.#.#.# #.#
##..##.###..# #.#.#.###.#
>#.......##.# #...#..##.#
.#....#####.# ##.###.##.#
'#..........# #..##..#.#
....########### ##.......#
..............########...#
......#####............#.#


You could see a jelly and a hobgoblin.

Vanquished Creatures
  3 adders (D:2)
  A worm (D:2)
  A dart slug (D:1)
  A leopard gecko (D:2)
  2 ball pythons (D:2)
  4 giant cockroaches
  8 goblins
  11 hobgoblins
  2 jackals (D:2)
  5 kobolds
  A quokka (D:2)
  6 bats
  2 frilled lizards (D:2)
  7 rats
54 creatures vanquished.

Notes
Turn   | Place    | Note
-------+----------+-------------------------------------------
     0 | D:1      | Oozefury the Hill Orc Monk began the quest for the Orb.
     0 | D:1      | Reached XP level 1. HP: 19/19 MP: 1/1
   330 | D:1      | Reached XP level 2. HP: 26/26 MP: 2/2
   707 | D:1      | Reached skill level 1 in Armour
   800 | D:1      | Reached skill level 5 in Axes
   876 | D:1      | Reached XP level 3. HP: 31/31 MP: 3/3
  1504 | D:2      | Reached XP level 4. HP: 32/40 MP: 4/4
  1510 | D:2      | Found Zin's Purification Station.
  1512 | D:2      | Found a glowing silver altar of Zin.
  1591 | D:2      | Became a worshipper of Zin the Law-Giver
  1591 | D:2      | Reached * piety under Zin
  1591 | D:2      | Reached ** piety under Zin
  2599 | D:1      | Splashed by a jelly's acid

Skill      XL: |  1  2  3 |
---------------+----------+-----
Armour         | 1 2 |  2.5
Axes           | 5 |  5.7
Fighting       | 4 |  4.0
Dodging        | |  2.4
Stealth        | |  1.5

Action                   |  1- 3 |  4- 6 || total
-------------------------+-------+-------++-------
Melee: Hand axe          |   120 |    99 ||   219
Throw: Stone             |     1 |     5 ||     6
  Eat: Chunk             |     2 |     3 ||     5
Armor: Ring mail         |    43 |    30 ||    73
       Robe              |     2 |       ||     2
Dodge: Dodged            |    61 |    63 ||   124
